 Dungeon Crawl Stone Soup version 0.31.0-9-g3a7656b989 (webtiles) character file.

Game seed: 4402432862922690479

17 Glamhuggeren the Changeling (level 2, 0/36 HPs)
             Began as a Draconian Shapeshifter on Feb 2, 2024.
             Slain by a hobgoblin (1 damage)
             ... led by Robin
             ... on level 2 of the Dungeon.
             The game lasted 00:01:58 (203 turns).

Glamhuggeren the Changeling (Draconian Shapeshifter) Turns: 203, Time: 00:02:01

Health: 0/36       AC: 21    Str: 16    XL:     2   Next: 44%
Magic:  2/2        EV:  2    Int: 10    God:
Gold:   0          SH:  3    Dex: 10    Spells: 1/1 levels left

rFire   . .          .
                       - Unarmed
rCold   . . .        e - +0 buckler
rNeg    . . .        (body armour unavailable)
rPois   +            (helmet currently unavailable)
rElec   .            (cloak currently unavailable)
rCorr   .            (gloves currently unavailable)
SInv    .            (boots currently unavailable)
Will    .....        (no amulet)
Stlth   +            (no ring)
HPRegen 0.26/turn    (no ring)
MPRegen 0.08/turn

%: no passive effects
@: tree-form
A: stationary, stasis, torment immunity, boosted hp, AC +4, unfitting armour,
(cold-blooded)
a: no special abilities


You were on level 2 of the Dungeon.
You were a tree.
You visited 1 branch of the dungeon, and saw 2 of its levels.

Inventory:

Hand Weapons
 d - a +0 sling
Armour
 e - a +0 buckler (worn)
Talismans
 b - a beast talisman
 c - a flux talisman


   Skills:
 + Level 1.9 Fighting
 - Level 2.0 Dodging
 - Level 3.0 Unarmed Combat
 + Level 3.3 Shapeshifting


You had one spell level left.
You didn't know any spells.
Your spell library was empty.

Dungeon Overview and Level Annotations

Branches:
Dungeon (1/15)

Altars:
Uskayaw

Annotations:
D:2 Robin


Innate Abilities, Weirdness & Mutations

You are a tree.
Your roots penetrate the ground, keeping you stationary.
You cannot be teleported.
You are immune to unholy pain and torment.
Your maximum health is greatly increased.
Your equipment is partially melded.
((Your plain brown scales are hard. (AC +4)))
You cannot fit into any form of body armour.
((You are cold-blooded and may be slowed by cold attacks.))


Message History

The goblin completely misses you.
You hit Robin.
Robin is moderately wounded.
The adder bites you but does no damage.
The giant cockroach bites you but does no damage.
The hobgoblin hits you but does no damage.
The goblin hits you but does no damage. x2
The hobgoblin hits you but does no damage.
The goblin hits you but does no damage.
Robin roars a battlecry!
The goblin goes into a battle-frenzy!
The adder bites you but does no damage.
The giant cockroach bites you but does no damage.
You hit Robin but do no damage.
Robin is moderately wounded.
You block the hobgoblin's attack.
The goblin hits you but does no damage. x2
You block the hobgoblin's attack. The goblin hits you but does no damage.
Robin says, "A pitiful Draconian like you will never find the ORB!"
The adder bites you but does no damage. The giant cockroach barely misses you.
You hit Robin but do no damage.
Robin is moderately wounded.
You block the adder's attack.
The hobgoblin hits you but does no damage.
You block the goblin's attack.
The hobgoblin hits you but does no damage.
The goblin hits you with a +0 dagger.
* * * LOW HITPOINT WARNING * * *
The goblin hits you with a +0 club.
* * * LOW HITPOINT WARNING * * *
Robin hits you but does no damage. The giant cockroach bites you.
* * * LOW HITPOINT WARNING * * *
You aren't carrying any potions.
You aren't wearing any rings or amulets.
As you read the scroll labelled HIFEIRGH MANK, it crumbles to dust.
The creatures around you are filled with an inner flame!
It was a scroll of immolation.
The adder bites you but does no damage. You block the giant cockroach's attack.
The hobgoblin hits you but does no damage.
The goblin hits you but does no damage. x3; The hobgoblin hits you.
You die...

.. ###.. ..##.
.... ...#. #...
.....##..
.......g. #
......#r#####.#
......SgB#....#
. #.g♣g..#
.?#####.ggg..#
........._...###
##.........).#
#.........#.$.
#....####.# ##
#....# .# ######
.#


You could see Robin (inner flame), an adder (inner flame), a quokka (inner
flame), a giant cockroach (inner flame), 3 hobgoblins and 3 goblins.

Vanquished Creatures
  An adder (D:2)
  4 goblins (D:2)
  2 hobgoblins (D:2)
  A quokka (D:1)
8 creatures vanquished.

Notes
Turn   | Place    | Note
-------+----------+-------------------------------------------
     0 | D:1      | Glamhuggeren the Draconian Shapeshifter began the quest for
                  | the Orb.
     0 | D:1      | Reached XP level 1. HP: 16/16 MP: 1/1
   168 | D:1      | You fall into a shaft and drop 1 floor!
   168 | D:2      | Found a hide-covered altar of Uskayaw.
   185 | D:2      | Noticed Robin
   189 | D:2      | Reached XP level 2. HP: 24/24 MP: 2/2
   202 | D:2      | HP: 1/36 [giant cockroach (2)]
   203 | D:2      | Slain by a hobgoblin

Illustrated notes

Levels and vault maps discovered:
D:1:      psy_arrival_terrarium, layout_basic, serial_shops,
          nicolae_diamond_shop
D:2:      layout_basic, basic_altar, uniq_robin

Skill      XL: |  1 |
---------------+----+-----
Dodging        | 2 |  2.0
Fighting       | |  1.9
Unarmed Combat | |  3.0
Shapeshifting  | |  3.3

Action                     || total
---------------------------++-------
  Melee: Unarmed           ||    30
    Use: Potion            ||     1
         Scroll            ||     1
 Armour: Skin              ||   125
  Dodge: Dodged            ||    13
  Block: Buckler           ||    14
